 Dungeon Crawl Stone Soup version 0.19.1-1-g22dce08 (webtiles) character file.

46 Macro the Charmwright (level 3, -16/24 HPs)
             Began as a Halfling Skald on Jan 19, 2017.
             Killed by miscasting Regeneration (29 damage)
             ... on level 2 of the Dungeon.
             The game lasted 00:10:35 (1110 turns).

Macro the Charmwright (Halfling Skald)              Turns: 1110, Time: 00:10:47

Health: -16/24     AC:  3    Str: 13    XL:     3   Next: 92%
Magic:  2/5        EV: 14    Int: 11    God:
Gold:   29         SH:  0    Dex: 13    Spells: 2 memorised, 1 level left

rFire  . . .     SeeInvis .     a - +0 short sword
rCold  . . .     Gourm    .     b - +0 leather armour
rNeg   . . .     Faith    .     (shield restricted)
rPois  .         Spirit   .     (no helmet)
rElec  .         Reflect  .     (no cloak)
rCorr  .         Harm     .     (no gloves)
MR     .....                    (no boots)
Stlth  ++........               (no amulet)
                                (no ring)
                                (no ring)

@: very slightly contaminated
A: mutation resistance 1
a: no special abilities


You were on level 2 of the Dungeon.
You were not hungry.

You visited 1 branch of the dungeon, and saw 2 of its levels.

You collected 29 gold pieces.

Inventory:

Hand Weapons
 a - a +0 short sword (weapon)
Armour
 b - a +0 leather armour (worn)
Scrolls
 f - 3 scrolls of teleportation {unknown}
 g - a scroll of enchant armour {unknown}
 j - 2 scrolls of identify {unknown}
Potions
 e - a potion of degeneration {unknown}
 i - a potion of heal wounds {unknown}
 l - a potion of berserk rage {unknown}
Books
 c - a book of Battle

   Spells                             Type                      Level
   a - Infusion                       Charms                       1
   b - Shroud of Golubria             Charms/Translocation         2
   c - Song of Slaying                Charms                       2
   d - Spectral Weapon                Hexes/Charms                 3
   e - Regeneration                   Charms/Necromancy            3
Comestibles
 d - a bread ration
 h - 2 meat rations
 k - a chunk of flesh


   Skills:
 + Level 1.9 Fighting
 * Level 3.2 Short Blades
 + Level 1.3 Armour
 + Level 1.4 Dodging
 * Level 1.6 Stealth
 + Level 1.6 Spellcasting
 + Level 3.6 Charms


You had one spell level left.
You knew the following spells:

 Your Spells              Type           Power        Failure   Level  Hunger
a - Infusion              Chrm           #...         10%         1    ##.....
b - Regeneration          Chrm/Necr      #.........   63%         3    ####...


Dungeon Overview and Level Annotations

Branches:
Dungeon (2/15)

Altars:
Elyvilon

Annotations:
D:2 Robin


Innate Abilities, Weirdness & Mutations

You are small and have problems with some larger weapons.
You are somewhat resistant to further mutation.


Message History

a club; a stone Eat one of 2 chunks of flesh? (ye/n/q)
You start eating one of the 2 chunks of flesh.
This raw flesh tastes terrible.
You see here a stone.
Found a bubbling amethyst potion.
There is an open door here.
j - 2 scrolls labeled KYIGOO TYACUY (gained 1)
l - a bubbling amethyst potion You start resting.
Your magical contamination has completely faded away.
You start resting.
Magic restored.
Casting: Regeneration
Confirm with . or Enter, or press ? or * to list all spells.
You miscast Regeneration.
You are very lightly contaminated with residual magic.
You convulse helplessly as pain tears through your body!
Ouch! That really hurt!
You die...

#...# .# ####.##### #.#
#........# ##'##
#.##.###.# ##...##
#.##.# ##.....####
###..#.###.##......P..##
....#...##.#.......P.P.#
###........'........PP..
# #.....##.#....@....##
# #(.......##.......## #
#...##### ##.....## #
#.#.# ##...## ###.#.#
##'## ..)...# #.#
###(### #(# #)# ##.###
#)# ##....#


There were no monsters in sight!

Vanquished Creatures
  An adder (D:2)
  2 dart slugs
  4 bats (D:1)
  2 giant cockroaches (D:1)
  7 goblins (D:2)
  3 hobgoblins
  2 kobolds (D:1)
  2 ball pythons
  A frilled lizard (D:1)
  7 rats
31 creatures vanquished.

Notes
Turn   | Place    | Note
-------+----------+-------------------------------------------
     0 | D:1      | Macro the Halfling Skald began the quest for the Orb.
     0 | D:1      | Reached XP level 1. HP: 14/14 MP: 3/3
   148 | D:1      | Reached XP level 2. HP: 16/19 MP: 2/4
   282 | D:1      | Reached skill level 1 in Stealth
   700 | D:2      | Reached XP level 3. HP: 24/24 MP: 5/5
   707 | D:2      | Learned a level 3 spell: Regeneration
   751 | D:2      | Found a white marble altar of Elyvilon.
   903 | D:2      | Noticed Robin
   954 | D:2      | HP: 1/24 [goblin/stone[Robin] (2)]
  1110 | D:2      | Killed by miscasting Regeneration

Skill      XL: |  1  2  3 |
---------------+----------+-----
Stealth        | 1 |  1.6
Short Blades   | 3 |  3.2
Fighting       | |  1.9
Armour         | |  1.3
Dodging        | |  1.4
Spellcasting   | |  1.6
Charms         | |  3.6

Action                   || total
-------------------------++-------
Melee: Short sword       ||   111
 Cast: Infusion          ||     6
       Regeneration      ||     2
 Stab: Sleeping          ||     1
  Eat: Chunk             ||     2
Armor: Leather armour    ||    20
Dodge: Dodged            ||    82
